 Dungeon Crawl Stone Soup version 0.30-a0-860-g512cf1e (webtiles) character file.

Game seed: 1671106044802904178

93 Widdershin the Slasher (level 4, 41/41 HPs)
             Began as a Minotaur Berserker on Jan 12, 2022.
             Was a Believer of Trog.
             Quit the game on level 1 of the Dungeon on Mar 8, 2023.
             The game lasted 00:04:06 (2103 turns).

Widdershin the Slasher (Minotaur Berserker)         Turns: 2103, Time: 00:04:06

Health: 41/41      AC:  2    Str: 23    XL:     4   Next: 37%
Magic:  3/3        EV: 12    Int:  4    God:    Trog [**....]
Gold:   56         SH:  0    Dex: 10    Spells: 3/3 levels left

rFire   . . .      SeeInvis .    a - +0 falchion
rCold   . . .      Faith    .    (no shield)
rNeg    . . .      Spirit   .    b - +0 animal skin
rPois   .          Reflect  .    (helmet restricted)
rElec   .          Rampage  .    (no cloak)
rCorr   .                        (no gloves)
Will    .....                    (no boots)
Stlth   +                        (no amulet)
HPRegen 0.26/turn                (no ring)
MPRegen 0.08/turn                (no ring)

@: no status effects
A: horns 2, retaliatory headbutt
a: Renounce Religion, Berserk, Trog's Hand


You were on level 1 of the Dungeon.
You worshipped Trog.
Trog was pleased with you.
You visited 1 branch of the dungeon, and saw 2 of its levels.

You collected 56 gold pieces.

Inventory:

Hand Weapons
 a - a +0 falchion (weapon)
 h - a +0 dagger of venom
 l - a +0 spear of venom
Missiles
 j - 3 boomerangs (quivered)
Armour
 b - a +0 animal skin (worn)
Jewellery
 k - a ring of poison resistance
Scrolls
 d - a scroll of noise {unknown}
 e - a scroll of fog {unknown}
 g - a scroll of enchant weapon {unknown}
 i - a scroll of blinking {unknown}
Potions
 c - a potion of degeneration {unknown}
 f - a potion of haste {unknown}


   Skills:
 + Level 4.4 Fighting
 + Level 4.4 Long Blades
 + Level 3.5 Armour
 + Level 3.1 Dodging


You had 3 spell levels left.
You didn't know any spells.
Your spell library was empty.

Dungeon Overview and Level Annotations

Branches:
Dungeon (2/15)

Altars:

Shops:
D:1 ?


Innate Abilities, Weirdness & Mutations

You have a pair of horns on your head.
You reflexively headbutt those who attack you in melee.


Message History

The adder is lightly wounded.
A red film seems to cover your vision as you go berserk!
You feel yourself moving faster!
You feel mighty!
You slice the adder!!
You kill the adder!
You start resting.
You feel a strong urge to attack something.
You start resting.
You are no longer poisoned.
You start resting.
You feel your anger nearly subside.
You start resting.
You are no longer berserk.
You are exhausted.
You feel yourself slow down.
You feel yourself speed up.
You recover from your berserk rage.
Key pressed, stopping explore.
You start resting.
HP restored.
You now have 36 gold pieces (gained 6).
You now have 54 gold pieces (gained 18).
Found a scale mail.
There is a stone staircase leading down here.
There is a stone staircase leading down here.
You now have 56 gold pieces (gained 2).
You see here a +0 short sword.
Done exploring.
(D) Dungeon
Where to? (Enter - D:2, ? - help)
What level of the Dungeon? (default 1, ? - help)
You see here a +0 short sword.
There is a stone staircase leading up here.
You climb upwards.
There is a stone staircase leading down here.
Welcome back, Widdershin the Minotaur Berserker.
Trog says: Kill them all!
Press ? for a list of commands and other information.
Okay, then.
Are you sure you want to abandon this character and quit the game? (Confirm with "yes".)

######### ##
#.......###### .#
#.####....†..# .#
####.####..####.#
.#####.......#..####.#
.......##.##....@.##.#
..#######.####..#.##.#
..# #.......#.##.#
..### ######.......#
....# ####.#### #.#.##
#.# .....###### #.##
..#.......# #..#
#.#.......# ##.#


There were no monsters in sight!

Vanquished Creatures
  3 gnolls (D:2)
  An adder (D:2)
  3 dart slugs
  4 bats
  6 endoplasms
  A giant cockroach (D:2)
  4 goblins (D:1)
  5 hobgoblins (D:1)
  3 jackals (D:1)
  3 kobolds
  A quokka (D:1)
  4 ball pythons
  3 frilled lizards (D:1)
  5 rats
46 creatures vanquished.

Notes
Turn   | Place    | Note
-------+----------+-------------------------------------------
     0 | D:1      | Widdershin the Minotaur Berserker began the quest for the
                  | Orb.
     0 | D:1      | Reached XP level 1. HP: 19/19 MP: 0/0
     3 | D:1      | Found a faded altar of an unknown god.
    70 | D:1      | Reached XP level 2. HP: 27/27 MP: 1/1
   316 | D:1      | Reached ** piety under Trog
   320 | D:1      | Reached XP level 3. HP: 27/33 MP: 2/2
   388 | D:1      | Found Iqeril's Magic Scroll Shop.
  1181 | D:2      | Reached XP level 4. HP: 30/40 MP: 3/3
  2103 | D:1      | Upgraded the game from 0.28-a0-1493-g0869888 to
                  | 0.30-a0-860-g512cf1e
  2103 | D:1      | Quit the game

Illustrated notes

Levels and vault maps discovered:
D:1:      wander_arrival_lonely_grave, layout_loops_cross,
          nicolae_ecumenical_snake_handling, serial_shops, shop_fountains,
          hex_tiny
D:2:      layout_loops_ring, minmay_surrounded

Skill      XL: |  1  2  3 |
---------------+----------+-----
Fighting       | 4 |  4.4
Long Blades    | 4 |  4.4
Armour         | 3 |  3.5
Dodging        | 3 |  3.1

Action                     |  1- 3 |  4- 6 || total
---------------------------+-------+-------++-------
  Melee: Falchion          |    71 |    22 ||    93
         Headbutt          |     7 |     2 ||     9
 Invoke: Berserk           |     1 |     1 ||     2
   Stab: Sleeping          |     2 |       ||     2
 Armour: Animal skin       |    14 |     1 ||    15
  Dodge: Dodged            |    45 |    14 ||    59

Table legend: (Time is in decaauts)
 A = Elapsed time spent in this place.
 B = Non-inter-level travel time spent in this place.
 C = Inter-level travel time spent in this place.
 D = Time resting spent in this place.
 E = Time spent auto-exploring this place.
 F = Levels seen in this place.
 G = Mean time per level.
                   A        B        C        D        E       F      G
               +--------+--------+--------+--------+--------+-----+--------+
         Total |   2132 |   2072 |     60 |      9 |   1793 |   2 | 1066.0 |
       Dungeon |   2132 |   2072 |     60 |      9 |   1793 |   2 | 1066.0 |
               +--------+--------+--------+--------+--------+-----+--------+

Top non-repeatable levels by time:
     D:1: 1079 daAuts
     D:2: 1052 daAuts
